 Dungeon Sprint DCSS version 0.30-a0-54-g2e61a25929 (webtiles) character file.

Game seed: 3684607413291745114

498 Ankalagon the Blocker (level 7, -11/41 HPs)
             Began as a Gargoyle Fighter on Sept 8, 2022.
             Was an Initiate of Gozag.
             Mangled by a wyvern (12 damage)
             ... in the Dungeon (Sprint II: "The Violet Keep of Menkaure").
             The game lasted 00:00:48 (177 turns).

Ankalagon the Blocker (Gargoyle Fighter)             Turns: 177, Time: 00:00:49

Health: -11/41     AC: 11    Str: 19    XL:     7   Next: 16%
Magic:  7/7        EV:  9    Int:  9    God:    Gozag
Gold:   306        SH:  7    Dex: 11    Spells: 6/6 levels left

rFire   . . .      SeeInvis .    a - +0 flail
rCold   . . .      Faith    .    c - +0 buckler
rNeg    + . .      Spirit   .    b - +0 scale mail
rPois   ∞          Reflect  .    (no helmet)
rElec   +          Harm     .    (no cloak)
rCorr   .          Rampage  .    (no gloves)
Will    .....      NoTele   +    (no boots)
Stlth   ..........               (no amulet)
HPRegen 0.13/turn                (no ring)
MPRegen 0.10/turn                (no ring)

@: gold aura
A: sickness immunity, AC +4, negative energy resistance 1, electricity
resistance, torment resistance 1, petrification resistance
a: Renounce Religion, Potion Petition, Call Merchant, Bribe Branch


You were in the Dungeon.
You worshipped Gozag.
Gozag was aware of your devotion.
You visited 1 branch You collected 306 gold pieces.

Inventory:

Hand Weapons
 a - a +0 flail (weapon)
Armour
 b - a +0 scale mail (worn)
 c - a +0 buckler (worn)
Scrolls
 j - a scroll of blinking
Potions
 d - a potion of might
 e - a potion of curing
 f - a potion of heal wounds
 g - a potion of haste
 h - 2 potions of magic


   Skills:
 - Level 3.2 Fighting
 + Level 10.7 Maces & Flails
 - Level 3.2 Armour
 + Level 11.9 Shields


You had 6 spell levels left.
You didn't know any spells.
Your spell library was empty.

Dungeon Overview and Level Annotations

Branches:
Dungeon (1/1)

Altars:
Cheibriados
Dithmenos
Elyvilon
Fedhas
Gozag
Hepliaklqana
Kikubaaqudgha
Makhleb
Nemelex Xobeh
Okawaru
Qazlal
Ru
Sif Muna
Trog
Uskayaw
Vehumet
Wu Jian
Xom
Yredelemnul
Zin
The Shining One
Jiyva
Lugonu

Annotations:
D Roxanne


Innate Abilities, Weirdness & Mutations

You are immune to sickness and miasma.
Your stone body is resilient. (AC +4)
You are immune to poison.
You resist negative energy. (rN+)
You are resistant to electric shocks. (rElec)
You are resistant to unholy torment.
You are immune to petrification.


Message History

You open the door. 2 wyverns come into view.
The wyvern bites you!
You thump the wyvern!
The wyvern is moderately wounded.
You block the wyvern's attack.
You hit the wyvern.
The wyvern is heavily wounded.
The wyvern completely misses you. The wyvern closely misses you.
You closely miss the wyvern.
The wyvern is heavily wounded.
The wyvern completely misses you.
You completely miss the wyvern.
The wyvern is heavily wounded.
You block the wyvern's attack. The wyvern completely misses you.
You hit the wyvern but do no damage.
The wyvern is heavily wounded.
The wyvern bites you!
You are too injured to fight recklessly!
You are too injured to fight recklessly!
Okay, then.
You hit the wyvern.
The wyvern is severely wounded.
You block the wyvern's attack.
You barely miss the wyvern.
The wyvern is severely wounded.
The wyvern bites you but does no damage. x2
You hit the wyvern.
The wyvern is almost dead.
The wyvern bites you.
You sock the wyvern!
You kill the wyvern!
Your Maces & Flails skill increases to level 10!
You have reached level 7!
You hit the wyvern but do no damage. The wyvern completely misses you.
The wyvern bites you!
* * * LOW HITPOINT WARNING * * *
You barely miss the wyvern. The wyvern bites you!
You die...
Your body crumbles into a pile of gold.

$ .. $ .#### .### ...# $
...# #..## #..# $ #+#
.##..# $+..# ##.##.#
#..# $#..# $ +.<@l#
+..####..###
##.##.#$#....###...#
##†## .##......~~~~~
##...####~~.§...~#'## $
$ #..#..#~~~§~~~§.~#...
##.#.##~~~§~~~~.~#...
$#~~##+##~~~≈≈§§~§~~#...
$ #~~~~~~~~~§§≈§§§~§#.._
#+++#+++#~§≈≈§≈≈§§#._.


You could see a wyvern.

Vanquished Creatures
  A wyvern (D)
  A water moccasin (D)
  4 necrophages (D)
6 creatures vanquished.

Notes
Turn   | Place    | Note
-------+----------+-------------------------------------------
     0 | D        | Ankalagon the Gargoyle Fighter began the quest for the Orb.
     0 | D        | Reached XP level 1. HP: 14/14 MP: 1/1
     1 | D        | Noticed a necrophage
     1 | D        | Noticed a necrophage
     1 | D        | Noticed a necrophage
     1 | D        | Noticed a necrophage
    10 | D        | Killed a necrophage
    11 | D        | Reached skill level 5 in Maces & Flails
    11 | D        | Reached skill level 6 in Shields
    11 | D        | Reached XP level 2. HP: 19/19 MP: 2/2
    11 | D        | Reached XP level 3. HP: 23/23 MP: 3/3
    11 | D        | Reached XP level 4. HP: 28/28 MP: 4/4
    14 | D        | Killed a necrophage
    15 | D        | Reached skill level 8 in Shields
    15 | D        | Reached XP level 5. HP: 32/32 MP: 5/5
    22 | D        | Reached skill level 9 in Shields
    25 | D        | Reached skill level 10 in Shields
    25 | D        | Reached XP level 6. HP: 26/37 MP: 6/6
    42 | D        | Noticed Roxanne
    63 | D        | Found a snail-covered altar of Cheibriados.
    63 | D        | Found a hazy altar of Hepliaklqana.
    64 | D        | Found a shadowy altar of Dithmenos.
    64 | D        | Found a viscous altar of Jiyva.
    64 | D        | Found a stormy altar of Qazlal.
    65 | D        | Found a white marble altar of Elyvilon.
    65 | D        | Found an ancient bone altar of Kikubaaqudgha.
    65 | D        | Found a sacrificial altar of Ru.
    66 | D        | Found a blossoming altar of Fedhas.
    66 | D        | Found a corrupted altar of Lugonu.
    66 | D        | Found a shimmering blue altar of Sif Muna.
    67 | D        | Found an opulent altar of Gozag.
    67 | D        | Found a burning altar of Makhleb.
    67 | D        | Found a bloodstained altar of Trog.
    68 | D        | Found a sparkling altar of Nemelex Xobeh.
    68 | D        | Found a hide-covered altar of Uskayaw.
    69 | D        | Found a basalt altar of Yredelemnul.
    70 | D        | Found an iron altar of Okawaru.
    70 | D        | Found a radiant altar of Vehumet.
    70 | D        | Found a glowing silver altar of Zin.
    70 | D        | Found a shimmering altar of Xom.
    71 | D        | Found an ornate altar of the Wu Jian Council.
    71 | D        | Found a glowing golden altar of the Shining One.
    73 | D        | Noticed a water moccasin
    73 | D        | Noticed a water moccasin
    74 | D        | Noticed a water moccasin
    76 | D        | Became a worshipper of Gozag Ym Sagoz the Greedy
    86 | D        | Killed a water moccasin
    87 | D        | Reached skill level 11 in Shields
   165 | D        | Noticed a wyvern
   165 | D        | Noticed a wyvern
   175 | D        | Killed a wyvern
   176 | D        | Reached skill level 10 in Maces & Flails
   176 | D        | Reached XP level 7. HP: 14/41 MP: 7/7
   176 | D        | HP: 1/41 [wyvern (13)]
   177 | D        | Mangled by a wyvern

Illustrated notes

Levels and vault maps discovered:
D:        the_violet_keep_of_menkaure [sprint2_stairs_cluster_1,
          sprint2_shoproom, sprint2_temple, sprint2_basic_supplies,
          sprint2_obstacle_6, sprint2_obstacle_2, sprint2_obstacle_7,
          sprint2_obstacle_5, sprint2_obstacle_4, sprint2_timed_cluster_1,
          sprint2_smallroom_cluster_1, sprint2_smallroom_final_cluster_1,
          sprint2_transparent_cluster_1, sprint2_second_timed_cluster_1,
          sprint2_sniper_area_1, sprint2_heavy_combat_area_1,
          sprint2_mutation_trap_area_1, sprint2_forest_area_1,
          sprint2_light_combat_area_1, sprint2_behind_water_1,
          sprint2_near_end_vault_1]

Skill      XL: |  1  2  3  4  5  6 |
---------------+-------------------+-----
Maces & Flails | 5 7 8 10 | 10.7
Shields        | 6 8 10 11 | 11.9
Fighting       | |  3.2
Armour         | |  3.2

Action                   |  1- 3 |  4- 6 |  7- 9 || total
-------------------------+-------+-------+-------++-------
Melee: Flail             |     7 |    30 |     2 ||    39
  Use: Potion            |     1 |       |       ||     1
Armor: Scale mail        |     4 |    12 |       ||    16
Dodge: Dodged            |     1 |     8 |     1 ||    10
Block: Buckler           |     1 |     7 |       ||     8

Table legend: (Time is in decaauts)
 A = Elapsed time spent in this place.
 B = Non-inter-level travel time spent in this place.
 C = Inter-level travel time spent in this place.
 D = Time resting spent in this place.
 E = Time spent auto-exploring this place.
 F = Levels seen in this place.
 G = Mean time per level.
                   A        B        C        D        E       F      G
               +--------+--------+--------+--------+--------+-----+--------+
         Total |    197 |    197 |      0 |     79 |      0 |   1 |  197.0 |
       Dungeon |    197 |    197 |      0 |     79 |      0 |   1 |  197.0 |
               +--------+--------+--------+--------+--------+-----+--------+

Top non-repeatable levels by time:
       D: 197 daAuts
